 Dungeon Crawl Stone Soup version 0.30-a0-568-g124715a40b (webtiles) character file.

Game seed: 1117855078654606946

24489 Darius099 the Grappler (level 12, -8/130 HPs)
             Began as a Troll Berserker on Dec 28, 2022.
             Was a High Priest of Trog.
             Mangled by a vault guard
             ... wielding a +0 glaive
              (15 damage)
             ... on level 13 of the Dungeon.
             The game lasted 00:38:06 (11806 turns).

Darius099 the Grappler (Troll Berserker)           Turns: 11806, Time: 00:38:06

Health: -8/130     AC: 13    Str: 33    XL:     12   Next: 81%
Magic:  11/11      EV: 18    Int:  4    God:    Trog [*****.]
Gold:   1014       SH:  5    Dex: 23    Spells: 11/11 levels left

rFire   + . .      SeeInvis .      - Unarmed
rCold   x . .      Faith    .    (no shield)
rNeg    . . .      Spirit   .    J - +0 troll leather armour
rPois   .          Reflect  +    G - +2 hat {Int+3}
rElec   .          Harm     .    w - +0 cloak
rCorr   .          Rampage  .    (gloves unavailable)
Will    .....                    (boots unavailable)
Stlth   ++                       x - amulet of reflection
HPRegen 2.01/turn                P - ring of Xom's Full Attention {Fire Dex+9}
MPRegen 0.12/turn                C - +4 ring of protection

@: on berserk cooldown, slowed, very slow
A: large, unfitting armour, claws 3, regeneration 1, shaggy fur 1, tough skin 1,
agile 1, strong 1
a: Renounce Religion, Berserk, Trog's Hand, Brothers in Arms


You were on level 13 of the Dungeon.
You worshipped Trog.
Trog was extremely pleased with you.
You visited 2 branches of the dungeon, and saw 14 of its levels.

You collected 1109 gold pieces.
You spent 95 gold pieces at shops.

Inventory:

Hand Weapons
 R - a +0 heavy executioner's axe
 T - a +1 trident of flaming
Armour
 w - a +0 cloak (worn)
 A - +0 steam dragon scales
 G - a +2 hat of intelligence (worn)
 J - a +0 troll leather armour (worn)
 K - +0 acid dragon scales
Jewellery
 t - a ring of protection from cold
 x - an amulet of reflection (around neck)
 C - a +4 ring of protection (right claw)
 D - a +6 ring of dexterity
 H - an amulet of magic regeneration
 P - the ring of Xom's Full Attention (left claw) {Fire Dex+9}
   (You bought it in a shop on level 11 of the Dungeon)

   [ring of fire]

   It enhances your fire magic.
   Dex:       It affects your dexterity (+9).
   rF:        It protects you from fire.
   rC:        It makes you vulnerable to cold.
Wands
 p - a wand of paralysis (15)
 y - a wand of iceblast (16)
 F - a wand of polymorph (4)
 O - a wand of quicksilver (4)
 U - a wand of flame (10)
Scrolls
 a - 3 scrolls of poison
 b - 2 scrolls of blinking
 c - a scroll of brand weapon {unknown}
 d - 2 scrolls of identify
 e - a scroll of magic mapping
 h - 3 scrolls of summoning
 o - 2 scrolls of enchant weapon
 q - 4 scrolls of teleportation {unknown}
 r - 3 scrolls of enchant armour
 v - a scroll of vulnerability {unknown}
 z - a scroll of fog {unknown}
 B - 2 scrolls of silence {unknown}
 M - a scroll of acquirement {unknown}
 N - a scroll of noise {unknown}
 Q - a scroll of fear {unknown}
Potions
 f - 3 potions of curing
 g - 2 potions of heal wounds
 i - 2 potions of lignification {unknown}
 j - a potion of attraction {unknown}
 k - a potion of berserk rage {unknown}
 l - 2 potions of cancellation {unknown}
 n - 3 potions of degeneration {unknown}
 s - 4 potions of brilliance {unknown}
 u - 2 potions of haste
 E - a potion of invisibility {unknown}
 I - 3 potions of magic {unknown}
 L - a potion of ambrosia {unknown}
 S - a potion of mutation
Miscellaneous
 m - a tin of tremorstones (2/2)


   Skills:
 + Level 11.0 Fighting
 + Level 11.0 Dodging
 + Level 13.1 Unarmed Combat


You had 11 spell levels left.
You didn't know any spells.
Your spell library was empty.

Dungeon Overview and Level Annotations

Branches:
Dungeon (13/15)            Temple (0/1) D:5            Lair (0/5) D:9
    Orc (1/2) D:11         Vaults (0/5) D:13

Altars:
Ashenzari
Gozag
Hepliaklqana
Vehumet
Wu Jian
Xom
Yredelemnul
Zin
The Shining One

Shops:
D:5 *   D:11 *   D:12 !!*([

Annotations:
Orc:1 1 runed translucent door, greasedhog's ghost, journeyman GnFi


Innate Abilities, Weirdness & Mutations

You are too large for most types of armour.
You have claws for hands.
Your natural rate of healing is unusually fast.
You are covered in fur. (AC +1)
You have tough skin. (AC +1)
You are agile. (Dex +4, Str/Int -1)
Your muscles are strong. (Str +4, Int/Dex -1)


Message History

Things that are here:
a +0 bardiche; a +0 chain mail You barely miss the vault guard.
The vault guard hits you with a +0 glaive!
You claw the vault guard! Your claw misses the vault guard.
The vault guard is moderately wounded.
You are no longer berserk.
You are exhausted.
You feel yourself slow down.
You scratch the vault guard but do no damage.
The vault guard is moderately wounded.
The vault guard hits you with a +0 glaive.
You completely miss the vault guard. You claw the vault guard.
The vault guard is moderately wounded.
The vault guard hits you with a +0 glaive!
The vault guard hits you with a +0 glaive.
You barely miss the vault guard.
The vault guard is moderately wounded.
The vault guard hits you with a +0 glaive!
* * * LOW HITPOINT WARNING * * *
You closely miss the vault guard.
The vault guard is moderately wounded.
The vault guard hits you with a +0 glaive!
* * * LOW HITPOINT WARNING * * *
You barely miss the vault guard.
The vault guard is moderately wounded.
The vault guard hits you but does no damage.
You barely miss the vault guard.
The vault guard is moderately wounded.
The vault guard hits you with a +0 glaive!!
* * * LOW HITPOINT WARNING * * *
You feel much better.
The vault guard hits you with a +0 glaive!
* * * LOW HITPOINT WARNING * * *
You eviscerate the vault guard!!!
The vault guard is severely wounded.
The vault guard hits you with a +0 glaive!!
* * * LOW HITPOINT WARNING * * *
The vault guard hits you with a +0 glaive!
You die...

#............#
+............####
#............##..
#................
#..........#(..
#..........##.. ##
#..........####
##..p#####.##########
...∩ppp@)..#
##..p####### ##


You could see 5 vault guards.

Vanquished Creatures
  Gastronok (D:9)
  An ettin (Orc:1)
  3 vault guards (D:13)
  An ogre mage (Orc:1)
  2 centaur warriors
  A two-headed ogre (D:8)
  An orc knight (Orc:1)
  2 deep elf pyromancers
  Pikel (D:8)
  An ugly thing (D:12)
  A manticore (D:13)
  3 gargoyles
  Psyche (D:8)
  3 komodo dragons
  6 trolls
  Grinder (D:3)
  6 slime creatures (D:12)
  3 shadows
  3 wyverns
  A basilisk (D:9)
  2 wraiths
  A water elemental (D:11)
  Eustachio (D:4)
  A vampire (D:11)
  4 yaks (D:9)
  2 steam dragons
  2 wargs (Orc:1)
  2 vampire mosquitoes (D:13)
  4 acid dragons
  13 orc warriors
  3 water moccasins
  A swamp drake (D:9)
  2 ice beasts
  2 black bears
  9 ogres
  6 centaurs (D:12)
  A phantom (D:4)
  2 kobold brigands
  7 bullfrogs
  A gnoll sergeant (D:5)
  3 scorpions
  9 wights
  13 killer bees (D:9)
  5 howler monkeys
  An electric eel (D:11)
  2 centaur zombies (D:10)
  2 jellies
  12 orc priests
  2 gnoll boudas
  Crazy Yiuf (D:5)
  15 orc wizards
  Ijyb (D:3)
  Natasha (twice) (D:3)
  2 iguanas
  Robin (D:3)
  11 gnolls
  9 adders
  A white imp (D:7)
  2 worms
  52 orcs
  6 endoplasms
  A giant cockroach (D:3)
  14 goblins
  12 hobgoblins
  15 kobolds
  3 quokkas
  8 ball pythons
  5 bats
  2 frilled lizards (D:1)
  9 rats
329 creatures vanquished.

Vanquished Creatures (collateral kills)
  A catoblepas (D:8)
  Urug (Orc:1)
  A vampire (D:8)
  An orc (Orc:1)
4 creatures vanquished.

Vanquished Creatures (others)
  A plant (D:11)
1 creature vanquished.

Grand Total: 334 creatures vanquished

Notes
Turn   | Place    | Note
-------+----------+-------------------------------------------
     0 | D:1      | Darius099 the Troll Berserker began the quest for the Orb.
     0 | D:1      | Reached XP level 1. HP: 22/22 MP: 0/0
     2 | D:1      | Noticed an armataur
     2 | D:1      | Noticed a tengu
     4 | D:1      | Noticed a felid
     4 | D:1      | Noticed an elf
     6 | D:1      | Noticed an octopode
     6 | D:1      | Noticed a vampire
     8 | D:1      | Noticed a ghoul
    10 | D:1      | Noticed a merfolk
    10 | D:1      | Noticed a spriggan
    12 | D:1      | Noticed a formicid
    12 | D:1      | Noticed a demonspawn
    14 | D:1      | Noticed a minotaur
    14 | D:1      | Noticed a naga
    16 | D:1      | Noticed a draconian
    18 | D:1      | Noticed a meteoran
    18 | D:1      | Noticed a troll
    20 | D:1      | Noticed a gargoyle
    20 | D:1      | Noticed a vine stalker
    22 | D:1      | Noticed an ogre
    22 | D:1      | Noticed a human
    26 | D:1      | Noticed a minotaur
    26 | D:1      | Noticed a meteoran
   178 | D:1      | Reached XP level 2. HP: 29/29 MP: 1/1
   935 | D:2      | Reached XP level 3. HP: 36/36 MP: 2/2
  1134 | D:2      | Reached ** piety under Trog
  1847 | D:3      | Noticed Natasha
  1869 | D:3      | Killed Natasha
  1870 | D:3      | Reached XP level 4. HP: 23/45 MP: 3/3
  1969 | D:3      | Found a hazy altar of Hepliaklqana.
  2019 | D:3      | Noticed Natasha
  2020 | D:3      | Noticed Ijyb
  2041 | D:3      | Killed Ijyb
  2042 | D:3      | Reached skill level 4 in Unarmed Combat
  2048 | D:3      | Killed Natasha
  2049 | D:3      | Reached XP level 5. HP: 26/53 MP: 4/4
  2128 | D:3      | Noticed Robin
  2137 | D:3      | Killed Robin
  2198 | D:3      | Noticed Grinder
  2220 | D:3      | Killed Grinder
  2221 | D:3      | Reached XP level 6. HP: 41/62 MP: 5/5
  2588 | D:4      | Noticed Eustachio
  2601 | D:4      | Killed Eustachio
  2602 | D:4      | Reached skill level 5 in Unarmed Combat
  2602 | D:4      | Reached XP level 7. HP: 70/70 MP: 6/6
  2764 | D:4      | Found a glowing silver altar of Zin.
  2780 | D:4      | Reached *** piety under Trog
  2850 | D:4      | You fall into a shaft and drop 2 floors!
  2895 | D:5      | Entered Level 5 of the Dungeon
  3415 | D:5      | Gained mutation: You are frail. (-10% HP) [potion of
                  | mutation]
  3415 | D:5      | Gained mutation: You are partially covered in iridescent
                  | scales. (AC +2) [potion of mutation]
  3416 | D:5      | Lost mutation: You are partially covered in iridescent
                  | scales. (AC +2) [potion of mutation]
  3416 | D:5      | Lost mutation: You are frail. (-10% HP) [potion of
                  | mutation]
  3416 | D:5      | Gained mutation: Your muscles are strong. (Str +4, Int/Dex
                  | -1) [potion of mutation]
  3416 | D:5      | Gained mutation: You are agile. (Dex +4, Str/Int -1)
                  | [potion of mutation]
  3427 | D:5      | Found Num Bac's Serpentskin Sales.
  3648 | D:5      | Reached skill level 5 in Fighting
  3648 | D:5      | Reached skill level 5 in Dodging
  3648 | D:5      | Reached skill level 6 in Unarmed Combat
  3709 | D:5      | Found a broken altar of Ashenzari.
  3745 | D:5      | Reached XP level 8. HP: 79/80 MP: 7/7
  3798 | D:5      | Found a glowing golden altar of the Shining One.
  3810 | D:5      | Found an opulent altar of Gozag.
  3926 | D:5      | Found a shimmering altar of Xom.
  3964 | D:5      | Found a staircase to the Ecumenical Temple.
  4217 | D:5      | Found a runed translucent door.
  4218 | D:5      | Noticed Crazy Yiuf
  4312 | D:5      | Killed Crazy Yiuf
  4553 | D:6      | Found a radiant altar of Vehumet.
  4876 | D:6      | Reached skill level 7 in Unarmed Combat
  5141 | D:7      | Reached XP level 9. HP: 89/89 MP: 8/8
  5402 | D:7      | Reached **** piety under Trog
  5567 | D:7      | Reached skill level 8 in Unarmed Combat
  5958 | D:8      | Noticed Psyche
  5981 | D:8      | Killed Psyche
  6282 | D:8      | Noticed a centaur warrior
  6282 | D:8      | Noticed a catoblepas
  6308 | D:8      | Killed a catoblepas
  6317 | D:8      | Killed a centaur warrior
  6318 | D:8      | Reached skill level 9 in Unarmed Combat
  6318 | D:8      | Reached XP level 10. HP: 24/102 MP: 9/9
  6321 | D:8      | HP: 4/102 [something (8)]
  6389 | D:8      | Noticed a two-headed ogre
  6404 | D:8      | Killed a two-headed ogre
  6484 | D:8      | Noticed Pikel
  6499 | D:8      | Killed Pikel
  6507 | D:8      | Identified the +1 pair of boots "Oqylaed" {Dex+2}
  7237 | D:9      | Reached skill level 10 in Unarmed Combat
  7556 | D:9      | Noticed a gargoyle
  7571 | D:9      | Killed a gargoyle
  7654 | D:9      | Reached XP level 11. HP: 103/113 MP: 10/10
  7735 | D:9      | Found a staircase to the Lair.
  7759 | D:9      | Noticed Gastronok
  7777 | D:9      | Killed Gastronok
  7777 | D:9      | Reached ***** piety under Trog
  8038 | D:9      | Found an ornate altar of the Wu Jian Council.
  8305 | D:10     | Entered Level 10 of the Dungeon
  8440 | D:9      | Reached skill level 11 in Unarmed Combat
  8771 | D:10     | Found a basalt altar of Yredelemnul.
  9258 | D:11     | Found Nifulick's Assorted Antiques.
  9266 | D:11     | Bought a flickering amber ring for 95 gold pieces
  9266 | D:11     | Identified the ring of Xom's Full Attention {Fire Dex+9}
                  | (You bought it in a shop on level 11 of the Dungeon)
  9301 | D:11     | Noticed a centaur warrior
  9310 | D:11     | Killed a centaur warrior
 10006 | D:11     | Found a staircase to the Orcish Mines.
 10017 | Orc:1    | Entered Level 1 of the Orcish Mines
 10040 | Orc:1    | Noticed an orc knight
 10062 | Orc:1    | Killed an orc knight
 10070 | Orc:1    | Received a gift from Trog
 10218 | Orc:1    | Reached skill level 10 in Fighting
 10218 | Orc:1    | Reached skill level 10 in Dodging
 10223 | Orc:1    | Reached XP level 12. HP: 123/126 MP: 11/11
 10300 | Orc:1    | Noticed an ettin
 10307 | Orc:1    | Killed an ettin
 10323 | Orc:1    | Noticed Urug
 10331 | Orc:1    | Killed Urug
 10332 | Orc:1    | Reached skill level 12 in Unarmed Combat
 10529 | Orc:1    | Noticed an ogre mage
 10533 | Orc:1    | Killed an ogre mage
 10579 | Orc:1    | Noticed greasedhog's ghost (journeyman GnFi)
 10582 | Orc:1    | Found a runed translucent door.
 11127 | D:12     | Found Pyipur's Armour Emporium.
 11295 | D:12     | Found Guaqes's Weapon Shoppe.
 11321 | D:12     | Found Hitu's Distillery.
 11321 | D:12     | Noticed a two-headed ogre
 11385 | D:12     | Found Gerraym's Assorted Antiques.
 11441 | D:12     | Found Zeum's Distillery.
 11774 | D:13     | Found a gate to the Vaults.
 11774 | D:13     | Noticed a vault guard
 11774 | D:13     | Noticed a vault guard
 11774 | D:13     | Noticed a vault guard
 11775 | D:13     | Noticed a vault guard
 11775 | D:13     | Noticed a vault guard
 11775 | D:13     | Noticed a vault guard
 11775 | D:13     | Noticed a vault guard
 11775 | D:13     | Noticed a vault guard
 11784 | D:13     | Killed a vault guard
 11789 | D:13     | Killed a vault guard
 11790 | D:13     | Reached skill level 13 in Unarmed Combat
 11795 | D:13     | Killed a vault guard
 11806 | D:13     | Mangled by a vault guard

Illustrated notes

Levels and vault maps discovered:
D:1:      kb_arrival_jail, layout_basic, serial_curves, eino_curves_02,
          eino_curves_01, eino_curves_04, eino_curves_03, minivault_5,
          hex_intersection, columned_hall_lemuel,
          chequers_serial_rivers_micro_c, minivault_24,
          chequers_serial_rivers_micro_c, minmay_tripent
D:2:      layout_loops_corners, minmay_stone_trees_small,
          minmay_shallow_snake_nest
D:3:      layout_loops_ring, nicolae_hepliaklqana_hippocampus, uniq_grinder,
          uniq_ijyb, uniq_natasha, uniq_robin
D:4:      layout_loops_ring, zin_scriptorium, uniq_eustachio
D:5:      layout_basic, marbit_many_paths, mainiacjoe_overflow_24_doors,
          nicolae_overflow_crystal_walls, general_overflow_altar,
          minmay_temple_entry_trees, guppyfry_shop_venom,
          uniq_crazy_yiuf_cottage
D:6:      layout_basic, mainiacjoe_overflow_brackets
D:7:      layout_loops_cross
D:8:      layout_layer_cave, minmay_radiant, uniq_pikel, uniq_psyche
D:9:      layout_basic, pdpol_wu_jian_five_deadly_venoms, erik_lair_dragon,
          minivault_4, uniq_gastronok
D:10:     layout_cave_pools, lemuel_zombie_altar_yredelemnul
D:11:     layout_basic, erik_orc_2, serial_shops,
          nicolae_shop_overgrown_old_shop
D:12:     layout_long_grid, serial_shops, nicolae_shop_window_shopping, shop,
          nicolae_lakefront_shop, nicolae_take_the_stairs,
          nicolae_shop_hallway_plus, minmay_holes
D:13:     layout_roguey, erik_vaults_2, minmay_misc_feat_room, uniq_nessos,
          uniq_snorg
Orc:1:    layout_diamond_mine, hellmonk_ghost_happy_afterlife, mines4_lemuel,
          uniq_urug

Skill      XL: |  1  2  3  4  5  6  7  8  9 10 11 12 |
---------------+-------------------------------------+-----
Fighting       | 3 4 5 6 7 8 10 11 | 11.0
Dodging        | 3 4 5 6 7 8 10 11 | 11.0
Unarmed Combat | 4 5 6 7 9 10 11 13 | 13.1

Action                   |  1- 3 |  4- 6 |  7- 9 | 10-12 || total
-------------------------+-------+-------+-------+-------++-------
Melee: Unarmed           |   119 |   100 |   284 |   552 ||  1055
       Punch             |     1 |     2 |     9 |    41 ||    53
Invok: Berserk           |     1 |     2 |     5 |     3 ||    11
       Trog's Hand       |       |     1 |     3 |       ||     4
       Brothers in Arms  |       |       |     1 |     1 ||     2
  Use: Potion            |       |       |     3 |     3 ||     6
       Scroll            |       |       |     9 |     1 ||    10
 Stab: Sleeping          |       |       |     3 |       ||     3
       Petrified         |       |       |     1 |       ||     1
       Distracted        |       |       |       |     1 ||     1
Armor: Animal skin       |    20 |       |       |       ||    20
       Robe              |    18 |    18 |    31 |       ||    67
       Steam dragon scal |       |       |    80 |    91 ||   171
       Troll leather arm |       |       |       |    90 ||    90
Dodge: Dodged            |    52 |    44 |   125 |   324 ||   545
Block: Other             |       |       |    30 |    99 ||   129
       Reflection        |       |       |     3 |     6 ||     9

Table legend: (Time is in decaauts)
 A = Elapsed time spent in this place.
 B = Non-inter-level travel time spent in this place.
 C = Inter-level travel time spent in this place.
 D = Time resting spent in this place.
 E = Time spent auto-exploring this place.
 F = Levels seen in this place.
 G = Mean time per level.
                   A        B        C        D        E       F      G
               +--------+--------+--------+--------+--------+-----+--------+
         Total |  11756 |  11337 |    419 |    872 |   7026 |  14 |  839.7 |
       Dungeon |  10944 |  10552 |    392 |    823 |   6712 |  13 |  841.8 |
  Orcish Mines |    812 |    785 |     27 |     49 |    314 |   1 |  812.0 |
               +--------+--------+--------+--------+--------+-----+--------+

Top non-repeatable levels by time:
     D:9: 1341 daAuts
     D:8: 1309 daAuts
    D:11: 1091 daAuts
     D:5: 1089 daAuts
     D:2: 1053 daAuts
   Orc:1: 812 daAuts
     D:1: 786 daAuts
     D:4: 771 daAuts
    D:12: 769 daAuts
     D:3: 762 daAuts
     D:7: 762 daAuts
     D:6: 659 daAuts
    D:10: 457 daAuts
    D:13: 89 daAuts
